 Dungeon Crawl Stone Soup version 0.21-a0-278-ga722497 (webtiles) character file.

44 prokat the Ducker (level 3, 0/29 HPs)
             Began as a Vampire Monk on Sept 21, 2017.
             Slain by an orc priest
             ... wielding a +0 club
              (5 damage)
             ... on level 2 of the Dungeon.
             The game lasted 00:09:03 (1204 turns).

prokat the Ducker (Vampire Monk)                    Turns: 1204, Time: 00:09:03

Health: 0/29       AC:  2    Str: 11    XL:     3   Next: 41%
Magic:  3/3        EV: 14    Int: 12    God:
Gold:   93         SH:  0    Dex: 16    Spells: 2/2 levels left

rFire    . . .     SeeInvis +   r - +2 dagger (venom)
rCold    . . .     Gourm    .   (no shield)
rNeg     . . .     Faith    .   b - +0 robe
rPois    .         Spirit   .   (no helmet)
rElec    .         Reflect  .   (no cloak)
rCorr    .         Harm     .   (no gloves)
MR       .....                  (no boots)
Stlth    +++.......             (no amulet)
HPRegen  0.29/turn              (no ring)
MPRegen  0.08/turn              (no ring)

@: regenerating quickly
A: fangs 3, see invisible, unbreathing
a: no special abilities


You were on level 2 of the Dungeon.
You were very full.

You visited 1 branch of the dungeon, and saw 2 of its levels.

You collected 93 gold pieces.

Inventory:

Hand Weapons
 a - a +0 short sword
 r - a +2 dagger of venom (weapon)
Missiles
 d - 3 needles of confusion
 i - 18 sling bullets
 p - 33 bolts
 u - 15 poisoned needles
Armour
 b - a +0 robe (worn)
 m - a +0 ring mail
Scrolls
 e - a scroll of magic mapping {unknown}
 f - a scroll of identify {unknown}
 h - a scroll of fear {unknown}
 l - a scroll of noise {unknown}
 o - 2 scrolls of amnesia {unknown}
 s - a scroll of blinking {unknown}
Potions
 c - 2 potions of blood
 g - a potion of curing
 j - a potion of haste {unknown}
 k - a potion of resistance {unknown}
 n - a potion of cancellation {unknown}
 t - a potion of might {unknown}
Comestibles
 q - a royal jelly


   Skills:
 + Level 3.0 Fighting
 + Level 3.6 Short Blades
 + Level 4.1 Dodging
 + Level 3.4 Stealth


You had 2 spell levels left.
You didn't know any spells.

Dungeon Overview and Level Annotations

Branches:
Dungeon (2/15)

Altars:
Dithmenos


Innate Abilities, Weirdness & Mutations

Your natural rate of healing is unusually fast.
You have razor-sharp teeth.
You have supernaturally acute eyesight. (SInv)
You can survive without breathing.


Message History

The orc misses you.
You hit the orc.
You kill the orc!
The orc priest mumbles some strange prayers to Beogh against you.
Beogh smites you!
You hear a shout!
The orc priest mumbles some strange prayers to Beogh against you.
Beogh smites you!
* * * LOW HITPOINT WARNING * * *
Things that are here:
a club; a leather armour; an orc corpse You barely miss the orc priest.
The orc priest barely misses you.
You hit the orc priest.
The orc priest is poisoned.
Your bite misses the orc priest.
The orc priest is lightly wounded.
You hit the orc priest but do no damage.
The orc priest looks as sick as possible!
The orc priest is lightly wounded.
The orc priest hits you with a club.
You die...

#...# #......).#
#...####........#
#...............# ####
#...............# #...
#...............# #...
#...#.##........###...
#####......#.#####..##.......
##.....##...#.# #..######...
....... #####@# #..# ##...
#.....######o#####..#####..#.
#.....#.o..oo.##.<........##.
#.....>...###.##†......#####.
.#.......#.#
#................
.........#.#
#...####.####.###
........##.#.<.#.##.....## #
##...o.......###.#.......#.##
o...o.........##.#.......#..#


You could see an orc priest, an orc wizard and an orc.

Vanquished Creatures
  An adder (D:2)
  A dart slug (D:2)
  A leopard gecko (D:1)
  An orc (D:2)
  3 giant cockroaches
  6 goblins
  3 hobgoblins
  A quokka (D:2)
  4 bats
  4 frilled lizards (D:1)
  3 kobolds (D:1)
  2 rats
30 creatures vanquished.

Notes
Turn   | Place    | Note
-------+----------+-------------------------------------------
     0 | D:1      | prokat the Vampire Monk began the quest for the Orb.
     0 | D:1      | Reached XP level 1. HP: 17/17 MP: 1/1
   296 | D:1      | Reached XP level 2. HP: 23/23 MP: 2/2
   819 | D:1      | Reached skill level 4 in Dodging
   918 | D:2      | Found a shadowy altar of Dithmenos.
   996 | D:2      | Reached XP level 3. HP: 11/28 MP: 3/3
  1011 | D:2      | HP: 1/29 [poisoned by a goblin]
  1204 | D:2      | Slain by an orc priest

Vault maps used:
D:1:      giann_horns
D:2:      old_standard_altar

Skill      XL: |  1  2  3 |
---------------+----------+-----
Dodging        | 4 |  4.1
Fighting       | 3 |  3.0
Short Blades   | |  3.6
Stealth        | |  3.4

Action                   || total
-------------------------++-------
Melee: Short sword       ||    78
       Bite              ||     6
       Dagger            ||    16
  Use: Potion            ||     2
 Stab: Sleeping          ||    10
  Eat: Corpse            ||     9
Armor: Robe              ||    14
Dodge: Dodged            ||    54

Table legend:
 A = Spawn XP
 B = Non-spawn XP
 C = Spawn XP percentage of total XP
 D = Spawn monster count
 E = Non-spawn monster count
 F = Spawn count percentage of total count
 G = Total turns spent on level
                    A         B        C        D         E        F      G
               +---------+---------+-------+---------+---------+-------+---------
         Total |       0 |      64 |   0.0 |       0 |      30 |   0.0 |  1204
               +---------+---------+-------+---------+---------+-------+---------
           D:1 |       0 |      29 |   0.0 |       0 |      19 |   0.0 |   910
           D:2 |       0 |      35 |   0.0 |       0 |      11 |   0.0 |   294
               +---------+---------+-------+---------+---------+-------+---------
